NCAA
KANSAS JAYHAWKS @ NORTHWESTERN WILDCATS
05/06/2025
 
TOP OF THE 1ST
Kansas Jayhawks batting - Pitching for Northwestern Wildcats : RHP Danny Lee
Pitching: RHP Danny Lee
Batting: RHB Henry Morris 0-0: Called Strike
0-1: Fly out, F9 (Flyball, 9M)
Batting: RHB John Stevens 0-0: Ball
1-0: Ball
2-0: Swinging Strike
2-1: Foul Ball, location: 2F
2-2: Foul Ball, location: 2F
2-2: Strikes out looking
Batting: SHB Rudy Ryan 0-0: Fly out, F1 (Popup, 13S)
Top of the 1st over - 0 run(s), 0 hit(s), 0 error(s), 0 left on base; Kansas 0 - Northwestern 0
BOTTOM OF THE 1ST
Northwestern Wildcats batting - Pitching for Kansas Jayhawks : RHP Lawrence Bolton
Pitching: RHP Lawrence Bolton
Batting: RHB Pablo Velásquez 0-0: Called Strike
0-1: Ball
1-1: Foul Ball, location: 2F
1-2: Strikes out looking
Batting: RHB Bill Christian 0-0: Ground out 5-3 (Groundball, 5S)
Batting: SHB Arnold Maddox 0-0: Ball
1-0: SOLO HOME RUN (Flyball, 89XD), Distance : 380 ft
Batting: RHB Kelly Graham 0-0: Swinging Strike
0-1: Ball
1-1: Ball
2-1: Called Strike
2-2: Ball
3-2: Fly out, F9 (Flyball, 9M)
Bottom of the 1st over - 1 run(s), 1 hit(s), 0 error(s), 0 left on base; Kansas 0 - Northwestern 1
TOP OF THE 2ND
Kansas Jayhawks batting - Pitching for Northwestern Wildcats : RHP Danny Lee
Batting: LHB Victor Stuart 0-0: Called Strike
0-1: Foul Ball, location: 2F
0-2: Ball
1-2: Foul Ball, location: 2F
1-2: Ground out 4-3 (Groundball, 4)
Batting: RHB Cale Mendoza 0-0: Called Strike
0-1: Ball
1-1: Fly out, F7 (Flyball, 7D)
Batting: RHB Kyle Baylor 0-0: Called Strike
0-1: Ball
1-1: Ball
2-1: Ground out 5-3 (Groundball, 56S)
Top of the 2nd over - 0 run(s), 0 hit(s), 0 error(s), 0 left on base; Kansas 0 - Northwestern 1
BOTTOM OF THE 2ND
Northwestern Wildcats batting - Pitching for Kansas Jayhawks : RHP Lawrence Bolton
Batting: LHB Xavier Smith 0-0: Ball
1-0: Ball
2-0: Ball
3-0: Called Strike
3-1: Swinging Strike
3-2: Base on Balls
Batting: LHB Ramón Morán 0-0: Ball
1-0: Called Strike
1-1: Ball
2-1: SINGLE (Flyball, 7S)
Xavier Smith to second
Batting: RHB Robert Carter 0-0: Ball
1-0: Swinging Strike
1-1: Swinging Strike
1-2: Foul Ball, location: 2F
1-2: Fly out, F7 (Flyball, 7D)
Runner from 2nd tags up, SAFE at 3rd, no throw
Batting: LHB John Allen 0-0: Fly out, F9 (Flyball, 9M)
Throwing error, E9
Xavier Smith scores
Ramón Morán to second
Batting: RHB Bob Acosta 0-0: Ground out 6-3 (Groundball, 6)
Bottom of the 2nd over - 1 run(s), 1 hit(s), 1 error(s), 1 left on base; Kansas 0 - Northwestern 2
TOP OF THE 3RD
Kansas Jayhawks batting - Pitching for Northwestern Wildcats : RHP Danny Lee
Batting: RHB Gerard Gustafson 0-0: Called Strike
0-1: Swinging Strike
0-2: Foul Ball, location: 2F
0-2: Strikes out looking
Batting: RHB Nicholas Harris 0-0: Ball
1-0: Fly out, F8 (Flyball, 8LM)
Batting: RHB Ricardo Ruíz 0-0: Ball
1-0: Foul Ball, location: 2F
1-1: Ball
2-1: Fly out, F8 (Flyball, 8RM)
Top of the 3rd over - 0 run(s), 0 hit(s), 0 error(s), 0 left on base; Kansas 0 - Northwestern 2
BOTTOM OF THE 3RD
Northwestern Wildcats batting - Pitching for Kansas Jayhawks : RHP Lawrence Bolton
Batting: RHB Pablo Velásquez 0-0: Ball
1-0: Foul Ball, location: 2F
1-1: Ball
2-1: SINGLE (Line Drive, 3L)
Batting: RHB Bill Christian 0-0: Called Strike
0-1: Ball
1-1: Ball
2-1: Ball
3-1: Grounds into double play, 5-4-3 (Groundball, 5)
Batting: SHB Arnold Maddox 0-0: Ball
1-0: Called Strike
1-1: Swinging Strike
1-2: Strikes out swinging
Bottom of the 3rd over - 0 run(s), 1 hit(s), 0 error(s), 0 left on base; Kansas 0 - Northwestern 2
TOP OF THE 4TH
Kansas Jayhawks batting - Pitching for Northwestern Wildcats : RHP Danny Lee
Batting: RHB Henry Morris 0-0: Foul Ball, location: 2F
0-1: Fly out, F9 (Flyball, 9M)
Batting: RHB John Stevens 0-0: Ball
1-0: SINGLE (Groundball, 4MD) (infield hit)
Batting: SHB Rudy Ryan 0-0: Ball
1-0: Fly out, F5 (Popup, 5F)
Batting: LHB Victor Stuart 0-0: Fly out, F4 (Popup, 4MD)
Top of the 4th over - 0 run(s), 1 hit(s), 0 error(s), 1 left on base; Kansas 0 - Northwestern 2
BOTTOM OF THE 4TH
Northwestern Wildcats batting - Pitching for Kansas Jayhawks : RHP Lawrence Bolton
Batting: RHB Kelly Graham 0-0: Ground out 5-3 (Groundball, 56)
Batting: LHB Xavier Smith 0-0: Ground out 4-3 (Groundball, 4)
Batting: LHB Ramón Morán 0-0: Ball
1-0: Fly out, F3 (Popup, 4S)
Bottom of the 4th over - 0 run(s), 0 hit(s), 0 error(s), 0 left on base; Kansas 0 - Northwestern 2
TOP OF THE 5TH
Kansas Jayhawks batting - Pitching for Northwestern Wildcats : RHP Danny Lee
Batting: RHB Cale Mendoza 0-0: Ball
1-0: Called Strike
1-1: DOUBLE (Line Drive, 9LS)
Batting: RHB Kyle Baylor 0-0: Ground out 4-3 (Groundball, 4M)
Cale Mendoza to third
Batting: RHB Gerard Gustafson 0-0: Ball
1-0: Called Strike
1-1: Ground out 5-3 (Groundball, 56)
Cale Mendoza scores
Batting: RHB Nicholas Harris 0-0: Ball
1-0: Ball
2-0: Called Strike
2-1: Ground out 4-3 (Groundball, 34)
Top of the 5th over - 1 run(s), 1 hit(s), 0 error(s), 0 left on base; Kansas 1 - Northwestern 2
BOTTOM OF THE 5TH
Northwestern Wildcats batting - Pitching for Kansas Jayhawks : RHP Lawrence Bolton
Batting: RHB Robert Carter 0-0: Ball
1-0: Ground out 6-3 (Groundball, 6)
Batting: LHB John Allen 0-0: Ball
1-0: Ball
2-0: Fly out, F5 (Line Drive, 56S)
Batting: RHB Bob Acosta 0-0: Ball
1-0: Swinging Strike
1-1: Ball
2-1: Foul Ball, location: 2F
2-2: Strikes out swinging
Bottom of the 5th over - 0 run(s), 0 hit(s), 0 error(s), 0 left on base; Kansas 1 - Northwestern 2
TOP OF THE 6TH
Kansas Jayhawks batting - Pitching for Northwestern Wildcats : RHP Danny Lee
Batting: RHB Ricardo Ruíz 0-0: Foul Ball, location: 2F
0-1: Called Strike
0-2: Ball
1-2: Ball
2-2: Foul Ball, location: 2F
2-2: Strikes out looking
Batting: RHB Henry Morris 0-0: Ball
1-0: Ball
2-0: Called Strike
2-1: Called Strike
2-2: Strikes out swinging
Batting: RHB John Stevens 0-0: Ball
1-0: Foul Ball, location: 2F
1-1: Foul Ball, location: 2F
1-2: Ball
2-2: SINGLE (Groundball, 6MD)
Batting: SHB Rudy Ryan 0-0: Called Strike
0-1: Ball
1-1: Ball
2-1: Swinging Strike
2-2: Strikes out swinging
Top of the 6th over - 0 run(s), 1 hit(s), 0 error(s), 1 left on base; Kansas 1 - Northwestern 2
BOTTOM OF THE 6TH
Northwestern Wildcats batting - Pitching for Kansas Jayhawks : RHP Lawrence Bolton
Batting: RHB Pablo Velásquez 0-0: Fly out, F8 (Flyball, 8RM)
Batting: RHB Bill Christian 0-0: Ball
1-0: Ball
2-0: Ball
3-0: Base on Balls
Batting: SHB Arnold Maddox 0-0: Ball
1-0: Foul Ball, location: 2F
1-1: Called Strike
1-2: Strikes out looking
Batting: RHB Kelly Graham 0-0: Called Strike
0-1: Ball
1-1: Ball
2-1: Ball
3-1: Foul Ball, location: 2F
3-2: Strikes out swinging
Bottom of the 6th over - 0 run(s), 0 hit(s), 0 error(s), 1 left on base; Kansas 1 - Northwestern 2
TOP OF THE 7TH
Kansas Jayhawks batting - Pitching for Northwestern Wildcats : RHP Danny Lee
Batting: LHB Victor Stuart 0-0: Called Strike
0-1: Foul Ball, location: 2F
0-2: Ball
1-2: Foul Ball, location: 2F
1-2: Foul Ball, location: 2F
1-2: Reached on error, E6 (Groundball, 56)
Batting: RHB Cale Mendoza 0-0: Called Strike
0-1: Swinging Strike
0-2: Ball
1-2: Foul Ball, location: 2F
1-2: Foul Ball, location: 2F
1-2: Strikes out swinging
Pitching: RHP Alfredo García
Batting: RHB Kyle Baylor 0-0: Swinging Strike
0-1: Called Strike
0-2: Grounds into double play, 6-4-3 (Groundball, 6)
Top of the 7th over - 0 run(s), 0 hit(s), 1 error(s), 0 left on base; Kansas 1 - Northwestern 2
BOTTOM OF THE 7TH
Northwestern Wildcats batting - Pitching for Kansas Jayhawks : RHP Lawrence Bolton
Batting: LHB Xavier Smith 0-0: Foul Ball, location: 2F
0-1: Called Strike
0-2: Ball
1-2: Foul Ball, location: 2F
1-2: Foul Ball, location: 2F
1-2: Ball
2-2: Ball
3-2: SINGLE (Groundball, 34D)
Pitching: LHP Tom Duke
Batting: LHB Ramón Morán 0-0: Called Strike
0-1: Fly out, F8 (Flyball, 8LM)
Batting: RHB Robert Carter 0-0: Grounds into double play, 3-6-1 (Groundball, 3)
Bottom of the 7th over - 0 run(s), 1 hit(s), 0 error(s), 0 left on base; Kansas 1 - Northwestern 2
TOP OF THE 8TH
Kansas Jayhawks batting - Pitching for Northwestern Wildcats : RHP Alfredo García
Pitching: RHP Johnny Anderson
Batting: RHB Gerard Gustafson 0-0: Fly out, F3 (Popup, 34)
Batting: RHB Nicholas Harris 0-0: Called Strike
0-1: Fly out, F7 (Flyball, 78S)
Batting: RHB Ricardo Ruíz 0-0: Called Strike
0-1: Swinging Strike
0-2: SINGLE (Groundball, 4D)
Batting: RHB Henry Morris 0-0: Ball
1-0: Ball
2-0: Swinging Strike
2-1: Ball
3-1: Swinging Strike
3-2: Strikes out swinging
Top of the 8th over - 0 run(s), 1 hit(s), 0 error(s), 1 left on base; Kansas 1 - Northwestern 2
BOTTOM OF THE 8TH
Northwestern Wildcats batting - Pitching for Kansas Jayhawks : LHP Tom Duke
Batting: LHB John Allen 0-0: Called Strike
0-1: Ball
1-1: Reached on error, E4 (Groundball, 4)
Batting: RHB Bob Acosta 0-0: Sac Bunt - play at first, batter OUT! 1-4
John Allen to second
Batting: RHB Pablo Velásquez 0-0: Intentional Walk
Batting: RHB Bill Christian 0-0: Ball
1-0: Ball
Wild Pitch!
John Allen to third
Pablo Velásquez to second
2-0: Ball
3-0: Foul Ball, location: 2F
3-1: Base on Balls
Batting: SHB Arnold Maddox 0-0: Ball
1-0: Ball
2-0: SINGLE (Groundball, 56D)
John Allen scores
Pablo Velásquez to third
Bill Christian to second
Runner from 3rd tries for Home, SAFE, no throw or cutoff
Batting: RHB Kelly Graham 0-0: Swinging Strike
0-1: Foul Ball, location: 2F
0-2: Foul Ball, location: 2F
0-2: Strikes out swinging
Batting: LHB Xavier Smith 0-0: 3-RUN HOME RUN (Line Drive, 9LD), Distance : 329 ft
Batting: LHB Ramón Morán 0-0: Ball
1-0: Ball
2-0: Ball
3-0: Base on Balls
Pitching: RHP Sam Bryant
Batting: RHB Robert Carter 0-0: Ground out 5-3 (Groundball, 5S)
Bottom of the 8th over - 5 run(s), 2 hit(s), 1 error(s), 1 left on base; Kansas 1 - Northwestern 7
TOP OF THE 9TH
Kansas Jayhawks batting - Pitching for Northwestern Wildcats : RHP Johnny Anderson
Now at 1B: Manuel Sánchez
Batting: RHB John Stevens 0-0: Ball
1-0: Foul Ball, location: 2F
1-1: Ball
2-1: Fly out, F9 (Flyball, 9LS)
Batting: SHB Rudy Ryan 0-0: Called Strike
0-1: Ball
1-1: Swinging Strike
1-2: Fly out, F9 (Flyball, 9LSF)
Batting: LHB Victor Stuart 0-0: Called Strike
0-1: Ball
1-1: Ball
2-1: Ball
3-1: Called Strike
3-2: Strikes out looking
Top of the 9th over - 0 run(s), 0 hit(s), 0 error(s), 0 left on base; Kansas 1 - Northwestern 7
This league is powered by Out of the Park Baseball, the baseball management simulation game for PC, Mac and Linux
Tuesday, August 2nd, 2016 - OOTP Baseball 16.8 Build 38